 Dungeon Crawl Stone Soup version 0.31-a0-221-gbddc013574 (webtiles) character file.

Game seed: 6863099696742769550

1593 HoaS the Skirmisher (level 8, -1/60 HPs)
             Began as a Demigod Hunter on July 4, 2023.
             Slain by Duvessa
             ... wielding a +0 short sword
              (7 damage)
             ... on level 5 of the Dungeon.
             The game lasted 00:14:29 (4485 turns).

HoaS the Skirmisher (Demigod Hunter)                Turns: 4485, Time: 00:14:30

Health: -1/60      AC:  7    Str: 12    XL:     8   Next: 35%
Magic:  10/10      EV: 12    Int: 11    God:
Gold:   210        SH:  0    Dex: 25    Spells: 7/7 levels left

rFire   + . .        a - +1 shortbow (chaos)
rCold   . . .        (shield currently unavailable)
rNeg    . . .        c - +0 leather armour
rPois   .            (no helmet)
rElec   .            m - +2 cloak {Will+}
rCorr   .            j - +0 pair of gloves
SInv    +            (no boots)
Will    +....        (no amulet)
Stlth   ++           h - ring of see invisible
HPRegen 0.30/turn    i - ring of protection from fire
MPRegen 0.12/turn

%: no passive effects
@: no status effects
A: high MP 1, forlorn, divine attributes
a: no special abilities


You were on level 5 of the Dungeon.
You visited 1 branch of the dungeon, and saw 5 of its levels.

You collected 210 gold pieces.

Inventory:

Hand Weapons
 a - a +1 shortbow of chaos (weapon)
Armour
 c - a +0 leather armour (worn)
 j - a +0 pair of gloves (worn)
 m - a +2 cloak of willpower (worn)
Jewellery
 h - a ring of see invisible (left hand)
 i - a ring of protection from fire (right hand)
 n - a ring of protection from cold
Scrolls
 b - a scroll of butterflies
 e - 2 scrolls of silence
 g - 2 scrolls of teleportation
Potions
 f - 3 potions of cancellation
 k - a potion of resistance
 o - a potion of attraction {unknown}
 p - a potion of curing {unknown}
 r - a potion of degeneration {unknown}


   Skills:
 - Level 1.7 Fighting
 + Level 10.7 Ranged Weapons
 - Level 1.7 Dodging
 - Level 0.8 Stealth


You had 7 spell levels left.
You didn't know any spells.
Your spell library was empty.

Dungeon Overview and Level Annotations

Branches:
Dungeon (5/15)
 Temple: D:4-7

Annotations:
D:5 Duvessa


Innate Abilities, Weirdness & Mutations

You have an increased reservoir of magic. (+10% MP)
You shall have no god before yourself.
Your divine heritage dramatically boosts your attributes as you level up.


Message History

You shoot an arrow. The arrow hits Duvessa.
Duvessa is lightly wounded.
Duvessa hits you with a +0 short sword!!
You shoot an arrow. The arrow barely misses Duvessa.
Duvessa barely misses you. x2
You shoot an arrow.
The arrow hits Duvessa but does no damage.
Duvessa is lightly wounded.
Duvessa hits you with a +0 short sword.
You shoot an arrow. The arrow closely misses Duvessa.
Duvessa barely misses you. Duvessa closely misses you.
You shoot an arrow. The arrow closely misses Duvessa.
Duvessa hits you with a +0 short sword.
You shoot an arrow.
The arrow hits Duvessa but does no damage.
Duvessa is lightly wounded.
Duvessa hits you with a +0 short sword.
You shoot an arrow. The arrow hits Duvessa!
Duvessa is poisoned.
Duvessa is lightly wounded.
Duvessa barely misses you. Duvessa hits you with a +0 short sword!
You shoot an arrow. The arrow hits Duvessa.
Duvessa suddenly seems more resistant.
Duvessa is moderately wounded.
Your butterfly disappears in a burst of colours!
Duvessa hits you but does no damage.
You shoot an arrow. The arrow hits Duvessa!
The arrow freezes Duvessa.
Duvessa is heavily wounded.
Duvessa completely misses you. Duvessa hits you with a +0 short sword!
* * * LOW HITPOINT WARNING * * *
You shoot an arrow.
The arrow hits Duvessa but does no damage.
Duvessa suddenly seems more agile.
Duvessa is heavily wounded.
Your butterfly disappears in a burst of colours!
Duvessa hits you with a +0 short sword!
* * * LOW HITPOINT WARNING * * *
You shoot an arrow. The arrow hits Duvessa.
Duvessa looks as sick as possible!
Duvessa is heavily wounded.
Your butterfly disappears in a burst of colours!
Duvessa hits you with a +0 short sword!
You die...

#...................#
##.....
#...................#
#......
###'###..########...#
#......
#+##e.###..##....##...#
#......
..##...#....b....##..##
##....#
.......#.(.b.b...##..#
##....#
.......#..b..bbb.#....
#......
.......#..b...bbb#
#......
..###..###[##.##@# ..#
#......
..########.##.##e##..##
##..###
....e<..#....b.b...b$.#
####
........#.......bb...##
........#.b..........##
........+.............#
........#......b......#
#######'##..####.##..##
...##...########.#####


You could see Duvessa (berserk, agile, resistant, extremely poisoned, ally
target).

Vanquished Creatures
  Pikel (D:4)
  Sigmund (D:2)
  Menkaure (D:4)
  An ogre (D:4)
  4 lemures (D:4)
  3 scorpions
  Dowan (D:5)
  2 jellies
  2 centaur zombies (D:4)
  3 hounds
  2 orc priests
  Crazy Yiuf (D:4)
  2 sleepcaps (D:5)
  Jessica (D:3)
  A hound zombie (D:4)
  5 adders
  An adder zombie (D:4)
  3 worms (D:4)
  3 dart slugs
  10 orcs
  2 ball pythons
  3 bats
  9 endoplasms
  3 giant cockroaches
  6 hobgoblins
  3 jackals (D:1)
  4 quokkas
  6 frilled lizards
  6 goblins
  4 kobolds
  4 rats
98 creatures vanquished.

Notes
Turn   | Place    | Note
-------+----------+-------------------------------------------
     0 | D:1      | HoaS the Demigod Hunter began the quest for the Orb.
     0 | D:1      | Reached XP level 1. HP: 17/17 MP: 3/3
   229 | D:1      | Reached skill level 4 in Ranged Weapons
   239 | D:1      | Reached XP level 2. HP: 24/24 MP: 4/4
  1143 | D:2      | Reached XP level 3. HP: 27/29 MP: 5/5
  1189 | D:2      | Reached skill level 5 in Ranged Weapons
  1236 | D:2      | Noticed Sigmund
  1454 | D:2      | Reached XP level 4. HP: 36/36 MP: 6/6
  1894 | D:3      | Noticed Jessica
  1907 | D:3      | Killed Jessica
  2036 | D:3      | Reached skill level 6 in Ranged Weapons
  2036 | D:3      | Reached XP level 5. HP: 39/41 MP: 7/7
  2253 | D:2      | Killed Sigmund
  2254 | D:2      | Reached skill level 7 in Ranged Weapons
  2254 | D:2      | Reached XP level 6. HP: 45/48 MP: 8/8
  2697 | D:4      | Reached skill level 8 in Ranged Weapons
  2697 | D:4      | Reached XP level 7. HP: 53/53 MP: 9/9
  2942 | D:4      | Noticed Menkaure
  2958 | D:4      | Killed Menkaure
  3252 | D:4      | Found a runed translucent door.
  3253 | D:4      | Noticed Crazy Yiuf
  3469 | D:4      | Killed Crazy Yiuf
  3579 | D:4      | Noticed Pikel
  3598 | D:4      | Killed Pikel
  3599 | D:4      | Reached skill level 9 in Ranged Weapons
  3599 | D:4      | Reached XP level 8. HP: 30/60 MP: 10/10
  3713 | D:5      | Entered Level 5 of the Dungeon
  3728 | D:5      | Reached skill level 10 in Ranged Weapons
  3819 | D:5      | Noticed Duvessa
  3882 | D:5      | Noticed Dowan
  3982 | D:5      | Killed Dowan
  4485 | D:5      | Slain by Duvessa

Illustrated notes

Levels and vault maps discovered:
D:1:      dpeg_arrival_three_same_balls, layout_basic,
          chequers_ecumenical_altar_simple_redux
D:2:      layout_basic, uniq_sigmund
D:3:      layout_basic, grunt_gozag_statues, uniq_jessica
D:4:      nicolae_cairo_tiling_large, layout_cave_pools, lemuel_round_altar,
          mainiacjoe_overflow_24_doors, nicolae_yredelemnul_corpse_copse,
          uniq_pikel, uniq_menkaure, uniq_crazy_yiuf_cottage
D:5:      layout_gridville, mainiacjoe_overflow_cross_hatched, uniq_duvessa,
          uniq_blork_the_orc

Skill      XL: |  1  2  3  4  5  6  7  8 |
---------------+-------------------------+-----
Ranged Weapons | 4 5 6 7 8 9 10 | 10.7
Fighting       | |  1.7
Dodging        | |  1.7
Stealth        | |  0.8

Action                     |  1- 3 |  4- 6 |  7- 9 || total
---------------------------+-------+-------+-------++-------
   Fire: Shortbow          |    91 |   124 |   171 ||   386
    Use: Scroll            |     5 |     4 |     4 ||    13
         Potion            |       |       |     2 ||     2
 Armour: Leather armour    |     6 |    10 |    16 ||    32
  Dodge: Dodged            |    22 |    36 |    49 ||   107

Table legend: (Time is in decaauts)
 A = Elapsed time spent in this place.
 B = Non-inter-level travel time spent in this place.
 C = Inter-level travel time spent in this place.
 D = Time resting spent in this place.
 E = Time spent auto-exploring this place.
 F = Levels seen in this place.
 G = Mean time per level.
                   A        B        C        D        E       F      G
               +--------+--------+--------+--------+--------+-----+--------+
         Total |   4497 |   4164 |    333 |    955 |   2416 |   5 |  899.4 |
       Dungeon |   4497 |   4164 |    333 |    955 |   2416 |   5 |  899.4 |
               +--------+--------+--------+--------+--------+-----+--------+

Top non-repeatable levels by time:
     D:4: 1332 daAuts
     D:1: 934 daAuts
     D:2: 877 daAuts
     D:5: 711 daAuts
     D:3: 641 daAuts
